 Dungeon Crawl Stone Soup version 0.30-a0-137-gd8773701ce (webtiles) character file.

Game seed: 10129726857071290945

106 purpskrrrp the Sneak (level 4, -3/23 HPs)
             Began as a Spriggan Brigand on Sept 22, 2022.
             Killed by divine providence
             ... invoked by an orc priest
              (16 damage)
             ... on level 3 of the Dungeon.
             The game lasted 00:06:24 (3020 turns).

purpskrrrp the Sneak (Spriggan Brigand)             Turns: 3020, Time: 00:06:24

Health: -3/23      AC:  3    Str:  7    XL:     4   Next: 55%
Magic:  5/5        EV: 17    Int: 12    God:
Gold:   859        SH:  0    Dex: 18    Spells: 0/3 levels left

rFire   . . .      SeeInvis +    h - +0 dagger (pain)
rCold   . . .      Faith    .    (no shield)
rNeg    . . .      Spirit   .    b - +0 robe
rPois   .          Reflect  .    (helmet restricted)
rElec   .          Harm     .    c - +0 cloak
rCorr   .          Rampage  .    (gloves unavailable)
Will    .....                    (boots unavailable)
Stlth   ++++......               (no amulet)
HPRegen 0.07/turn                (no ring)
MPRegen 0.09/turn                (no ring)

@: very quick
A: very small, no large weapons, unfitting armour, see invisible, speed 3
a: no special abilities


You were on level 3 of the Dungeon.
You visited 1 branch of the dungeon, and saw 3 of its levels.

You collected 859 gold pieces.

Inventory:

Hand Weapons
 a - a +2 dagger
 h - a +0 dagger of pain (weapon)
Missiles
 e - 3 curare-tipped darts (quivered)
Armour
 b - a +0 robe (worn)
 c - a +0 cloak (worn)
Scrolls
 g - a scroll of summoning
 i - a scroll of noise {unknown}
Potions
 f - a potion of haste {unknown}


   Skills:
 + Level 2.0 Fighting
 * Level 3.1 Short Blades
 + Level 2.4 Throwing
 + Level 2.4 Dodging
 * Level 6.8 Stealth
 * Level 1.2 Necromancy


You couldn't memorise any spells.
You knew the following spells:

 Your Spells              Type           Power      Damage    Failure   Level
a - Swiftness             Air            0%         N/A       69%         3

Your spell library contained the following spells:

 Spells                   Type           Power      Damage    Failure   Level
 Sandblast                Erth           0%         2d4       32%         1
 Shock                    Conj/Air       0%         1d3       32%         1
 Ensorcelled Hibernation  Hex/Ice        0%         N/A       45%         2
 Spider Form              Tmut/Pois      0%         N/A       69%         3
 Anguish                  Hex/Necr       0%         N/A       95%         4
 Airstrike                Air            0%         2d(0-16)  97%         4
 Lee's Rapid Deconstruct  Erth           0%         3d5*      100%        5
 Lehudib's Crystal Spear  Conj/Erth      0%         10d2      100%        8


Dungeon Overview and Level Annotations

Branches:
Dungeon (3/15)

Altars:


Innate Abilities, Weirdness & Mutations

You are very small and have problems with some larger weapons.
You are too small for most types of armour.
You have supernaturally acute eyesight. (SInv)
You cover ground extremely quickly. (Speed+++)


Message History

Aim: an orc, wielding a +0 falchion and wearing a +0 leather armour (63% to hit)
You throw a poisoned dart. The poisoned dart hits the orc.
The orc is poisoned.
Unknown command.
Throw: 5 darts (poison)
Press: ? - help, Q - select action, (/) - cycle Shift-Dir - straight line, f/p - orc
Aim: an orc, wielding a +0 falchion and wearing a +0 leather armour (poisoned, 63% to hit)
You throw a poisoned dart.
The poisoned dart closely misses the orc.
Throw: 4 darts (poison)
Press: ? - help, Q - select action, (/) - cycle Shift-Dir - straight line, f/p - orc
Aim: an orc, wielding a +0 falchion and wearing a +0 leather armour (poisoned, 63% to hit)
You throw a poisoned dart. The poisoned dart hits the orc.
The orc looks even sicker.
Throw: 3 darts (poison)
Press: ? - help, Q - select action, (/) - cycle Shift-Dir - straight line, f/p - orc
Aim: an orc, wielding a +0 falchion and wearing a +0 leather armour (very poisoned, 63% to hit)
You throw a poisoned dart. The poisoned dart hits the orc.
The orc looks even sicker.
Throw: 2 darts (poison)
Press: ? - help, Q - select action, (/) - cycle Shift-Dir - straight line, f/p - orc
Aim: an orc, wielding a +0 falchion and wearing a +0 leather armour (moderately wounded, very poisoned, 63% to hit)
You throw a poisoned dart.
The poisoned dart barely misses the orc.
You barely miss the orc.
The orc is almost dead.
The orc hits you with a +0 falchion. The orc misses you.
You kill the orc!
You start resting.
An orc priest is nearby!
Throw: dart (poison)
Press: ? - help, Q - select action, (/) - cycle Shift-Dir - straight line, f - orc priest
Aim: an orc priest, wielding a +0 hand axe and wearing a +0 leather armour (wandering, hasn't noticed you, 63% to hit)
You throw a poisoned dart.
The poisoned dart closely misses the orc priest.
The orc priest shouts!
The orc priest calls down the wrath of Beogh upon you.
Beogh smites you!
Ouch! That really hurt!
You die...

## ..............##.###PP.##o#.#.
.##.#######.####....†(....##o##.)
.##.# #####.######...............
....# #................#####.##.#
.#..# #.###....o###...## #.##..
.#..# #.# #####.# ##.#######.####
##..# #.# #.# #.##......# ##..#
#.# #.####.##.####.# ....###.#
#.@.((..(.####.# ........#
######.........# ##.######
########### ##.# ...# ####


You could see an orc priest.

Vanquished Creatures
  An iguana (D:2)
  An adder (D:3)
  3 dart slugs
  3 orcs (D:3)
  10 bats
  9 endoplasms
  A giant cockroach (D:2)
  6 goblins
  3 hobgoblins
  4 jackals (D:1)
  3 quokkas
  5 ball pythons
  2 frilled lizards
  4 kobolds
  5 rats
60 creatures vanquished.

Vanquished Creatures (others)
  3 plants (D:3)
3 creatures vanquished.

Grand Total: 63 creatures vanquished

Notes
Turn   | Place    | Note
-------+----------+-------------------------------------------
     0 | D:1      | purpskrrrp the Spriggan Brigand began the quest for the
                  | Orb.
     0 | D:1      | Reached XP level 1. HP: 10/10 MP: 2/2
   166 | D:1      | Reached skill level 6 in Stealth
   171 | D:1      | Reached XP level 2. HP: 15/15 MP: 3/3
   840 | D:1      | Reached XP level 3. HP: 9/18 MP: 4/4
  1302 | D:1      | Identified a scroll of acquirement
  1303 | D:1      | Acquired 745 gold pieces
  2078 | D:2      | Reached XP level 4. HP: 13/23 MP: 5/5
  2508 | D:2      | Reached skill level 1 in Necromancy
  2599 | D:2      | Learned a level 3 spell: Swiftness
  2835 | D:3      | Got the Secrets of the Boulder
  3020 | D:3      | Killed from afar by an orc priest

Illustrated notes

Levels and vault maps discovered:
D:1:      nicolae_arrival_washed_ashore, layout_basic, minivault_26,
          fountainhead, st_stairs_14
D:2:      layout_basic
D:3:      cheibrodos_old_hovel, layout_loops_ring

Skill      XL: |  1  2  3  4 |
---------------+-------------+-----
Stealth        | 6 |  6.8
Dodging        | 2 |  2.4
Fighting       | 2 |  2.0
Short Blades   | 3 |  3.1
Necromancy     | 1 |  1.2
Throwing       | |  2.4

Action                   |  1- 3 |  4- 6 || total
-------------------------+-------+-------++-------
Melee: Dagger            |   134 |    47 ||   181
       Punch             |     3 |     2 ||     5
Throw: Dart              |     5 |     9 ||    14
  Use: Scroll            |     2 |     2 ||     4
 Stab: Sleeping          |    14 |    11 ||    25
Armor: Robe              |    13 |     4 ||    17
Dodge: Dodged            |    98 |    26 ||   124

Table legend: (Time is in decaauts)
 A = Elapsed time spent in this place.
 B = Non-inter-level travel time spent in this place.
 C = Inter-level travel time spent in this place.
 D = Time resting spent in this place.
 E = Time spent auto-exploring this place.
 F = Levels seen in this place.
 G = Mean time per level.
                   A        B        C        D        E       F      G
               +--------+--------+--------+--------+--------+-----+--------+
         Total |   2263 |   2210 |     53 |    183 |   1637 |   3 |  754.3 |
       Dungeon |   2263 |   2210 |     53 |    183 |   1637 |   3 |  754.3 |
               +--------+--------+--------+--------+--------+-----+--------+

Top non-repeatable levels by time:
     D:2: 1017 daAuts
     D:1: 979 daAuts
     D:3: 267 daAuts
